 Dungeon Crawl Stone Soup version 0.28-a0-1404-g4df0f3684d (webtiles) character file.

Game seed: 3860855843521422776

186 rogsnak the Digger (level 5, 0/38 HPs)
             Began as a Demonspawn Earth Elementalist on Jan 5, 2022.
             Slain by an iguana (4 damage)
             ... on level 4 of the Dungeon.
             The game lasted 00:03:55 (3520 turns).

rogsnak the Digger (Demonspawn Earth Elementalist)  Turns: 3520, Time: 00:03:56

Health: 0/38       AC:  8    Str: 15    XL:     5   Next: 38%
Magic:  2/8        EV: 12    Int: 18    God:
Gold:   91         SH:  0    Dex: 13    Spells: 5/9 levels left

rFire   . . .      SeeInvis .   n - +0 quarterstaff
rCold   . . .      Faith    .   (shield currently unavailable)
rNeg    . . .      Spirit   .   b - +0 robe
rPois   .          Reflect  .   i - +0 helmet
rElec   .          Harm     .   (no cloak)
rCorr   .          Rampage  .   r - +2 pair of gloves
Will    .....                   (no boots)
Stlth   ++........              (no amulet)
HPRegen 0.12/turn               e - +6 ring of strength
MPRegen 0.11/turn               (no ring)

@: no status effects
A: molten scales 1, foul stench 1
a: no special abilities


You were on level 4 of the Dungeon.
You visited 1 branch of the dungeon, and saw 4 of its levels.

You collected 91 gold pieces.

Inventory:

Hand Weapons
 f - a +0 spear
 n - a +0 quarterstaff (weapon)
Missiles
 c - 77 stones
Armour
 b - a +0 robe (worn)
 i - a +0 helmet (worn)
 r - a +2 pair of gloves (worn)
Jewellery
 e - a +6 ring of strength (left hand)
 h - a +6 ring of dexterity
Wands
 l - a wand of iceblast (10)
 o - a wand of flame (10)
Scrolls
 g - a scroll of magic mapping {unknown}
 j - a scroll of blinking {unknown}
 m - 2 scrolls of identify {unknown}
 q - a scroll of teleportation {unknown}
Potions
 a - 2 potions of invisibility {unknown}
 d - 2 potions of curing {unknown}
 k - a potion of berserk rage {unknown}
 p - a potion of attraction {unknown}


   Skills:
 + Level 2.1 Fighting
 + Level 2.9 Dodging
 - Level 1.7 Stealth
 + Level 2.6 Spellcasting
 * Level 1.1 Conjurations
 - Level 0.8 Transmutations
 + Level 3.9 Earth Magic


You had 5 spell levels left.
You knew the following spells:

 Your Spells              Type           Power      Damage    Failure   Level
a - Sandblast             Erth           32%        2d9       3%          1
b - Stone Arrow           Conj/Erth      22%        3d8       19%         3

Your spell library contained the following spells:

 Spells                   Type           Power      Damage    Failure   Level
 Passwall                 Tmut/Erth      8%         N/A       10%         2
 Apportation              Tloc           4%         N/A       17%         1
 Summon Small Mammal      Summ           8%         N/A       17%         1
 Call Canine Familiar     Summ           2%         N/A       45%         3
 Summon Guardian Golem    Hex/Summ       2%         N/A       45%         3
 Petrify                  Tmut/Erth      10%        N/A       54%         4
 Alistair's Intoxication  Tmut/Pois      2%         N/A       98%         5


Dungeon Overview and Level Annotations

Branches:
Dungeon (4/15)
 Temple: D:4-7

Altars:
Ru


Innate Abilities, Weirdness & Mutations

You are partially covered in molten scales. (AC +2)
You may rarely emit foul miasma when damaged in melee.


Message History

Press: ? - help, Shift-Dir - straight line, f/p - iguana
Aim: an iguana (72% to hit)
The stone arrow hits the iguana.
The iguana is moderately wounded.
The iguana bites you!
Unknown command.
Casting: Stone Arrow (quite dangerous; 19% risk of failure)
Confirm with . or Enter, or press ? or * to list all spells.
You don't have enough magic to cast this spell.
Unknown command.
You barely miss the iguana.
The iguana is moderately wounded.
The iguana barely misses you.
You hit the iguana.
The iguana is heavily wounded.
The iguana closely misses you.
The iguana bites you but does no damage.
You barely miss the iguana.
The iguana is heavily wounded.
The iguana barely misses you.
You hit the iguana but do no damage.
The iguana is heavily wounded.
The iguana bites you!
You barely miss the iguana.
The iguana is heavily wounded.
The iguana closely misses you. The iguana bites you!
* * * LOW HITPOINT WARNING * * *
You hit the iguana.
The iguana is almost dead.
The iguana bites you.
* * * LOW HITPOINT WARNING * * *
Casting: Stone Arrow (quite dangerous; 19% risk of failure)
Confirm with . or Enter, or press ? or * to list all spells.
Aiming: Sandblast (safe; 3% risk of failure)
Press: ? - help, Shift-Dir - straight line, f/p - iguana
Aim: an iguana (almost dead, 82% to hit)
The blast of sand hits the iguana but does no damage.
The iguana is almost dead.
The iguana bites you.
You die...

#.# #.#
#.####### #.# #
#.......# #.# #
#######.# #.# #
#.# #.# # #.#
#.# # ###.# #.#
# #...#
#######.# ###
#.#@# #.......#
#.. #..l#
#.####### #.#
##.## #.# #.#
#. #.# #.# #.
#.# ##.# #.
#.#########.#.
..
##.#.##.....###
#[
#............#.
#.##.##.###.#.#


You could see an iguana.

Vanquished Creatures
  A bullfrog zombie (D:4)
  An orc wizard (D:3)
  2 scorpion zombies (D:4)
  An ufetubus (D:4)
  2 adder zombies (D:4)
  2 worms
  A dart slug (D:3)
  6 ball pythons
  6 endoplasms
  2 giant cockroaches
  6 goblins
  6 hobgoblins
  7 jackals (D:4)
  2 quokkas
  4 bats
  2 frilled lizards
  4 kobolds
  5 rats
60 creatures vanquished.

Vanquished Creatures (others)
  2 withered plants (D:4)
2 creatures vanquished.

Grand Total: 62 creatures vanquished

Notes
Turn   | Place    | Note
-------+----------+-------------------------------------------
     0 | D:1      | rogsnak the Demonspawn Earth Elementalist began the quest
                  | for the Orb.
     0 | D:1      | Reached XP level 1. HP: 13/13 MP: 3/3
   611 | D:1      | Reached skill level 3 in Earth Magic
   620 | D:1      | Gained mutation: You are partially covered in molten
                  | scales. (AC +2) [demonic ancestry]
   620 | D:1      | Reached XP level 2. HP: 19/19 MP: 5/5
   872 | D:1      | Found a faded altar of an unknown god.
  1467 | D:2      | Gained mutation: You may rarely emit foul miasma when
                  | damaged in melee. [demonic ancestry]
  1467 | D:2      | Reached XP level 3. HP: 24/24 MP: 6/6
  1882 | D:3      | Found a sacrificial altar of Ru.
  2321 | D:3      | Reached XP level 4. HP: 31/31 MP: 7/7
  2454 | D:3      | Reached skill level 1 in Fighting
  2856 | D:4      | Learned a level 3 spell: Stone Arrow
  3112 | D:4      | Reached XP level 5. HP: 21/38 MP: 8/8
  3120 | D:4      | Reached skill level 1 in Conjurations
  3520 | D:4      | Slain by an iguana

Illustrated notes

Levels and vault maps discovered:
D:1:      lemuel_arrival_room, layout_rooms, ebering_ecumenical_altar_mist
D:2:      layout_rooms, serial_corexii_hall, corexii_hall_statues_l,
          corexii_hall_statues_i, corexii_hall_statues_l,
          corexii_hall_statues_t, chequers_hall_statues_wall_a,
          corexii_hall_statues_x
D:3:      layout_basic, nicolae_ru_great_annihilating_truth,
          nicolae_figureground_pulse
D:4:      layout_loops_ring, grunt_temple_overflow_opulence,
          mainiacjoe_overflow_paths, serial_undead, serial_undead_a,
          serial_undead_c, serial_undead_e, serial_undead_c

Skill      XL: |  1  2  3  4  5 |
---------------+----------------+-----
Earth Magic    | 3 |  3.9
Dodging        | 2 |  2.9
Fighting       | 1 2 |  2.1
Conjurations   | 1 |  1.1
Stealth        | |  1.7
Spellcasting   | |  2.6
Transmutations | |  0.8

Action                   |  1- 3 |  4- 6 || total
-------------------------+-------+-------++-------
Melee: Unarmed           |    31 |       ||    31
       Spear             |    49 |       ||    49
       Quarterstaff      |    38 |    99 ||   137
       Punch             |     1 |       ||     1
 Cast: Sandblast         |     8 |     5 ||    13
       Stone Arrow       |       |     4 ||     4
 Stab: Sleeping          |     5 |     1 ||     6
Armor: Robe              |    34 |    46 ||    80
Dodge: Dodged            |    77 |    94 ||   171

Table legend: (Time is in decaauts)
 A = Elapsed time spent in this place.
 B = Non-inter-level travel time spent in this place.
 C = Inter-level travel time spent in this place.
 D = Time resting spent in this place.
 E = Time spent auto-exploring this place.
 F = Levels seen in this place.
 G = Mean time per level.
                   A        B        C        D        E       F      G
               +--------+--------+--------+--------+--------+-----+--------+
         Total |   3564 |   3504 |     60 |    425 |   2496 |   4 |  891.0 |
       Dungeon |   3564 |   3504 |     60 |    425 |   2496 |   4 |  891.0 |
               +--------+--------+--------+--------+--------+-----+--------+

Top non-repeatable levels by time:
     D:3: 1378 daAuts
     D:1: 949 daAuts
     D:4: 687 daAuts
     D:2: 550 daAuts
